 Dungeon Crawl Stone Soup version 0.18-a0-640-g2c992fa (console) character file.

116 bli the Ducker (level 5, 0/39 HPs)
             Began as a Merfolk Wanderer on Dec 5, 2015.
             Was an Initiate of Okawaru.
             Slain by a goblin (1 damage)
             ... on level 3 of the Dungeon.
             The game lasted 00:06:44 (2530 turns).

bli the Ducker (Merfolk Wanderer)                   Turns: 2530, Time: 00:06:45

Health: 0/39       AC:  2    Str: 13    XL:     5   Next: 0%
Magic:  5/5        EV: 11    Int: 10    God:    Okawaru [......]
Gold:   66         SH:  0    Dex: 15    Spells: 0 memorised, 4 levels left

rFire  . . .     SeeInvis .     a - +2 short sword
rCold  . . .     Clarity  .     d - +0 robe
rNeg   . . .     SustAt   .     (no shield)
rPois  .         Gourm    .     (no helmet)
rElec  .         Spirit   .     (no cloak)
rCorr  .         Dismiss  .     (no gloves)
rMut   .         Stasis   .     (no boots)
MR     +....                    (no amulet)
Stlth  +++.......               n - ring of protection from magic
                                h - -4 ring of evasion (curse)

@: starving, somewhat resistant to hostile enchantments, fairly stealthy
A: change form in water, swift swim
a: Renounce Religion


You were on level 3 of the Dungeon.
You worshipped Okawaru.
Okawaru was noncommittal.
You were starving.

You visited 1 branch of the dungeon, and saw 3 of its levels.

You collected 66 gold pieces.

Inventory:

Hand Weapons
 a - a +2 short sword (weapon)
 b - a +0 dagger of pain
 e - a +0 dagger
 k - a +0 spear
 m - a +0 falchion
Missiles
 j - 44 stones (quivered)
Armour
 d - a +0 robe (worn)
 u - a +2 buckler
Jewellery
 h - a cursed -4 ring of evasion (left hand)
 n - a ring of protection from magic (right hand)
Scrolls
 o - a scroll of fear {unknown}
 p - a scroll of random uselessness {unknown}
 r - 2 scrolls of remove curse {unknown}
Potions
 c - 2 potions of curing
 l - 2 potions of poison {unknown}
 q - a potion of heal wounds {unknown}
 s - a potion of invisibility {unknown}
 t - a potion of agility {unknown}
Comestibles
 f - 2 bread rations
 g - 2 meat rations
 i - 2 beef jerkies


   Skills:
 + Level 2.3 Fighting
 + Level 4.7 Short Blades
 + Level 5.3 Dodging
 + Level 3.6 Stealth


You had 4 spell levels left.
You didn't know any spells.

Dungeon Overview and Level Annotations

Branches:
Dungeon (3/15)

Altars:
Okawaru
Qazlal
Xom


Message History

You closely miss the goblin. The goblin barely misses you.
You hit the goblin but do no damage. You closely miss the goblin.
The goblin hits you.
* * * LOW HITPOINT WARNING * * *
Found 15 gold pieces.
You hit the goblin.
The goblin is moderately wounded.
The goblin barely misses you.
You hit the goblin but do no damage.
The goblin is moderately wounded.
The goblin hits you.
* * * LOW HITPOINT WARNING * * *
You hit the goblin but do no damage.
The goblin is moderately wounded.
The goblin hits you.
* * * LOW HITPOINT WARNING * * *
You closely miss the goblin.
The goblin is moderately wounded.
The orc completely misses you. The goblin hits you.
You die...

##### #.....
#.....### #.......#
#.......####
#..........#
...........#
.......og..#########
.......@##...........
.#....####...........
....... #...........
.... ...####.......#
... ......#.(.....##
$. ...........%.... .
......#.......##
.....o#........#
#.... #....###.#
.#.... #)#### ..
....# #.####...


You could see an orc and a goblin.

Vanquished Creatures
  Jessica (D:2)
  3 adders
  A gnoll (D:3)
  3 worms
  3 giant geckos (D:2)
  2 orcs (D:3)
  5 bats
  A giant cockroach (D:2)
  5 goblins
  5 hobgoblins
  3 jackals
  4 kobolds
  A quokka (D:2)
  2 giant newts (D:1)
  5 rats
44 creatures vanquished.

Notes
Turn   | Place    | Note
--------------------------------------------------------------
     0 | D:1      | bli the Merfolk Wanderer began the quest for the Orb.
     0 | D:1      | bli set off with: a +2 short sword, a +0 falchion, a potion of curing, a +0 robe, a +0 dagger, a bread ration
     0 | D:1      | Reached XP level 1. HP: 16/16 MP: 1/1
    12 | D:1      | Found a shimmering altar of Xom.
   277 | D:1      | Reached XP level 2. HP: 13/22 MP: 2/2
   703 | D:1      | Reached XP level 3. HP: 18/27 MP: 3/3
   840 | D:2      | Found an iron altar of Okawaru.
   862 | D:2      | Became a worshipper of Warmaster Okawaru
  1162 | D:2      | Noticed Jessica
  1233 | D:2      | Killed Jessica
  1233 | D:2      | Reached skill level 5 in Dodging
  1233 | D:2      | Reached XP level 4. HP: 25/33 MP: 4/4
  2058 | D:3      | HP: 1/34 [gnoll/spear (4)]
  2476 | D:3      | Found a stormy altar of Qazlal.
  2503 | D:3      | Reached XP level 5. HP: 20/39 MP: 5/5
  2529 | D:3      | HP: 1/39 [goblin (3)]
  2530 | D:3      | Slain by a goblin

Vault maps used:
D:1:      saegor_arrival_simple_a, xom_teletrap_fun
D:2:      okawaru_trees_2, kennysheep_jessica_study
D:3:      ashenzari_altar_1, first_bread, grunt_qazlal_clouds,
          uniq_crazy_yiuf_cottage

Action                   |  1- 3 |  4- 6 || total
-------------------------+-------+-------++-------
Melee: Short sword       |    82 |   103 ||   185
 Stab: Sleeping          |     6 |     2 ||     8
  Eat: Chunk             |     1 |     2 ||     3
